AoeStats
← Iamak3186

Golden Pit

503359239Analyzed
1v1 RM · 1mo ago on Aug 31, 2026· 42m 21s· 2 players
Game mode
Random Map
Map size
Tiny (2 player)
Population
200
Speed
Normal
Resources
Standard
Victory
Conquest
Starting age
Dark Age
Ending age
Imperial Age
RankedLock teamsTeams togetherTeam positionsShared explorationLock speedFull tech treeHidden civsTurbo modeCheats
Victory
Defeat
🇮🇳 Mongols · India
1291
+13
🇵🇭 Romans · Philippines
1232
-13
Sthreesixseven
9:54 Feudal Age
9:38 Loom
10:22 Double-Bit Axe
13:10 Man-at-Arms
14:02 Man-at-Arms
16:05 Scale Mail Armor
22:21 Castle Age
20:20 Horse Collar
24:21 Wheelbarrow
24:18 Long Swordsman
25:12 Town Watch
29:47 Ballistics
35:49 Gold Mining
36:18 Bow Saw
36:02 Stone Mining
41:25 Hand Cart
42:00 Ballistas
Iamak3186
5:15 Loom
8:00 Feudal Age
9:15 Double-Bit Axe
13:39 Horse Collar
19:32 Castle Age
19:39 Gold Mining
20:09 Fletching
21:11 Bloodlines
22:20 Bow Saw
24:09 Bodkin Arrow
31:08 Stone Mining
33:56 Wheelbarrow
33:09 Town Watch
36:11 Scale Barding Armor
40:52 Chain Barding Armor
43:26 Imperial Age
41:02 Husbandry
41:33 Ballistics
42:17 Light Cavalry
43:08 Forging
43:19 Chain Barding Armor
Connection lost

Rejoining the realm…

Still unreachable

The connection could not be restored.

Session expired

The server has moved on; the page needs a fresh start.